← All builds
Geo / Cortex / Economy first / OBSERVED BUILD

Incisor raid

Geo detours through a Vehicle Plant to send Incisors raiding from under 7 minutes, well before the role's usual T2 push, before transitioning back into normal T2 supply.

#raid #rush · 19 distinct matches · 10 players · 5% of Cortex Geo games · team won 42% of 19 · Recently observed

THE CATCH, AND WHAT COMES WITH IT
  • IncisorT1 vehicle raid from 6:48 · 9% of role by thenFrom the Vehicle Plant. Only 9% of Geo games have it by then; others who build it get it around 7:17
  • IncisorIncisor in 68%6% of all Geo games by then
  • PrudePrude in 47%15% of all Geo games by then

Started with Incisor (89%), Blitz (5%), Rascal (5%).

Where those units first fight, in 19 games with kill data: in the middle 53%, on their own side 42%, in the enemy base 5%.

Those units destroy a typical 3,699 metal of enemy units by 15:00.

HOW TO PLAY IT

Key timing: Vehicle Plant by 6:39, Incisor raid from 6:48

  1. Open bot lab and standard mex/wind as normal for Geo.
  2. Rush geo early to fund the vehicle transition.
  3. Build a vehicle plant instead of going straight to T2.
  4. Push Incisor raiders into the enemy economy before T2 units.
  5. Fold back into Sheldon and Sumo T2 units for front.

Phase by phase

TYPICAL OF ITS 19 GAMES · AGAINST STANDARD GEO
  1. 1
  2. 2
  3. 3
  4. 4
PLAY THE OPENING

Follow the example game's first 7:48 step by step: what to build now, what comes next, and where it goes. At 1× it keeps pace with your own game.

  1. 1

    Up to the Bot Lab

    Economy
    • Metal Extractor3Mex
    • Wind Turbine4Wind+2 vs standard
    Order
    1. Bot LabBot Lab after 3 mex, 4 winddone ~1:06, middle half 0:57–1:27

    By 0:49 in all: 3 mex · 4 wind (standard 2)

    The example game in this phase · 3 steps
    1. Mex ×2
    2. Wind ×4
    3. Bot LabBot Labdone 0:57 · typical 1:06
  2. 2

    Bot Lab to 5:00

    Economy
    • Metal Extractor2Mex
    • Wind Turbine3Wind−2 vs standard
    • Energy Converter8Converter
    • Energy Storage1Energy storage
    Order
    1. Geothermal PowerplantGeo after 4 mex, 6 wind, 1 energy storage
    Builders
    • Construction Turret5 Con turret
    • Graverobber4 Graverobber
    • Construction Bot2 Con bot
    • Construction Bot1 Con bot for allies
    • Graverobber1 Graverobber for allies

    By 5:00 in all: 4 mex · 6 wind · 1 geo · 8 converter · 1 energy storage · 5 con turret

    The example game in this phase · 29 steps
    1. Wind
    2. GraverobberGraverobber
    3. Wind
    4. GraverobberGraverobber
    5. Construction BotCon bot
    6. GraverobberGraverobber
    7. Construction BotCon botfor Beach sea
    8. Mex
    9. GraverobberGraverobber
    10. Energy storage
    11. GraverobberGraverobberfor Beach sea
    12. Mex
    13. GraverobberGraverobber
    14. Geothermal PowerplantGeodone 2:55 · typical 3:20
    15. Con turret ×4
    16. Converter ×9
    17. Vehicle PlantVehicle Plantdone 4:01 · typical 6:42
    18. RascalRascal
    19. Metal storage
    20. Construction VehicleCon vehicle
    21. RascalRascal ×4
    22. Con turretfor Suicide front
    23. RascalRascal
    24. Con turretfor Suicide front
    25. RascalRascal
    26. Con turret
    27. RascalRascal
    28. Vehicle PlantVehicle Plantdone 4:51
    29. RascalRascal ×11
  3. 3

    5:00 to T1 vehicle raid

    Order
    1. Vehicle PlantVehicle Plant after 10 wind, 11 converter, 7 con turretin 79% of games
    2. IncisorT1 vehicle raid after 9 wind, 9 converter, 6 con turret

    Some games also: converter (42%) · con turret (42%) · wind (37%)

    The standard build makes here, this one skips: 2 converter

    By 6:42 in all: 4 mex · 9 wind · 1 geo · 9 converter (standard 12) · 1 energy storage · 6 con turret

    The example game in this phase · 1 step
    1. RascalRascaldone 4:10
  4. 4

    T1 vehicle raid to 10:00

    Builders
    • Construction Turret1 Con turret
    Army
    • Incisor21 Incisor +21 vs standard

    Some games also: converter (47%) · wind (42%) · incisor for allies (32%) · con vehicle (32%)

    The standard build makes here, this one skips: 4 converter

    By 10:00 in all: 4 mex · 12 wind · 1 geo · 14 converter · 1 energy storage · 7 con turret

    The example game in this phase · 147 steps
    1. RascalRascal ×10
    2. Con turret
    3. RascalRascal ×7
    4. Con turretfor Suicide front
    5. RascalRascal ×43
    6. Advanced Metal ExtractorT2 mex ×2done 6:16 · typical 5:48
    7. Con turretfor Suicide front
    8. Wind ×6
    9. Advanced Metal ExtractorT2 mex
    10. Aircraft PlantAircraft Plantdone 6:49
    11. HerculesLight transport
    12. Wind ×3
    13. Advanced Metal ExtractorT2 mex
    14. Wind ×2
    15. PrudePrudedone 8:01
    16. Wind
    17. HerculesLight transport
    18. Con turret
    19. Wind
    20. HerculesLight transport
    21. Wind ×2
    22. FinchFinch
    23. Wind ×2
    24. FinchFinch ×3
    25. Vehicle PlantVehicle Plantdone 8:15
    26. FinchFinch ×3
    27. IncisorIncisor ×3done 8:24
    28. Vehicle PlantVehicle Plantdone 8:37
    29. IncisorIncisor ×9
    30. Converter
    31. IncisorIncisor ×5
    32. Converter
    33. IncisorIncisor
    34. Converter
    35. IncisorIncisor ×4
    36. Converter ×5
    37. IncisorIncisor
    38. Converter ×2
    39. IncisorIncisor
    40. Converter
    41. Vehicle PlantVehicle Plantdone 9:45
    42. IncisorIncisor ×3
    43. Converter
    44. IncisorIncisor ×3
    45. Converter
    46. IncisorIncisor ×3
    47. Converter
    48. IncisorIncisor ×6
    49. Con turret
    50. IncisorIncisor
    51. Con turret
    52. IncisorIncisor ×2
    53. Wind
    54. IncisorIncisor ×2
    55. Wind
    56. IncisorIncisor ×5
    57. Wind
    58. IncisorIncisor ×4
    59. Wind
    60. Converter
    61. IncisorIncisor ×2
    62. Wind
    63. Converter
    64. RascalRascal ×2
    65. Wind
    66. RascalRascal ×4
    67. Wind
    68. RascalRascal
    69. Converter
    70. RascalRascal ×3
    71. Wind
    72. RascalRascal ×8
    73. Wind
    74. RascalRascal ×3
    75. Wind
    76. RascalRascal ×7
    77. Wind
    78. RascalRascal
    79. Con turret
    80. RascalRascal ×2
    81. Con turret
    82. RascalRascal
    83. Wind
    84. RascalRascal
    85. Con turret
    86. RascalRascal
    87. Wind
    88. RascalRascal ×6
    89. Wind
    90. RascalRascal ×8
    91. Wind
    92. RascalRascal ×5
    93. Wind
    94. RascalRascal
    95. Wind
    96. RascalRascal ×2
    97. Wind
    98. RascalRascal ×4
    99. Wind
    100. RascalRascal ×2
    101. Wind
    102. RascalRascal ×3
    103. Wind ×3
    104. Construction VehicleCon vehicle
    105. Aircraft PlantAircraft Plantdone 12:27
    106. Con turret
    107. Construction AircraftCon aircraft
    108. Con turret ×3
    109. Wind
    110. Aircraft PlantAircraft Plantdone 12:47
    111. ShurikenShuriken ×4
    112. Aircraft PlantAircraft Plantdone 12:57
    113. ShurikenShuriken ×40
    114. HephaestusHeavy transport
    115. ShurikenShuriken
    116. Con turret
    117. ShurikenShuriken ×14
    118. HephaestusHeavy transport
    119. ShurikenShuriken
    120. Wind
    121. ShurikenShuriken ×2
    122. Wind
    123. ShurikenShuriken
    124. HephaestusHeavy transport
    125. ShurikenShuriken
    126. Wind
    127. ShurikenShuriken ×4
    128. Wind
    129. ShurikenShuriken ×3
    130. Wind
    131. ValiantValiant ×4
    132. Wind
    133. ValiantValiant ×3
    134. Wind
    135. ValiantValiant ×4
    136. Wind
    137. ValiantValiant ×2
    138. Wind
    139. ValiantValiant ×4
    140. Wind
    141. ValiantValiant ×4
    142. Wind
    143. ValiantValiant ×3
    144. Wind
    145. ValiantValiant ×2
    146. Wind
    147. ValiantValiant ×6

Counts are medians over the build's games: half of them build more, half fewer. The example game is UsurpeR's (46 OS, 16/09/2026); pick another.

Team trades

IN AT LEAST 30% OF ITS GAMES

You hand over

  • Graverobber1 Graverobber to Beach sea or Suicide frontfirst at 2:13 · in 95% of games
  • Construction Bot1 Con bot to Beach seafirst at 2:50 · in 79% of games
  • Incisor13 Incisor to Pond or Suicide front or Frontfirst at 8:32 · in 37% of games
  • Construction Turret2 Con turret to Suicide front or Beach sea or Geo seafirst at 10:01 · in 32% of games

You get

  • Advanced Construction Bot1 T2 con bot from Techfirst at 4:45 · in 100% of games
  • Hercules1 Light transport from Air or Techfirst at 5:09 · in 42% of games

How it plays out

Typical game of this build against the role’s standard build, running totals by minute

  • This build
  • Standard geo

Metal produced

020k40k
0:005:0010:0015:00

metal

Enemy metal destroyed

05k10k
0:005:0010:0015:00

metal

Own metal lost

05k10k
0:005:0010:0015:00

metal

19 games.

Show as table
ByMetal produced: This buildMetal produced: Standard geoEnemy metal destroyed: This buildEnemy metal destroyed: Standard geoOwn metal lost: This buildOwn metal lost: Standard geo
1:003333350000
2:008288590000
3:00146214970000
4:00247426620000
5:00360237560000
6:00556256740000
7:0076297986001300
8:00105201103426003600
9:00141361408012653191074
10:00167931692225303342290258
11:001964419769309112553386720
12:0022707226484379249942041538
13:0025543255126757431643252629
14:0028976284978559600358354360
15:0032509317479541826484566299
WHAT THE NUMBERS SAY

Lost more often than the standard build, destroying more but also losing far more metal by 15:00.

  • + Destroys more enemy metal by 10:00 and 15:00 than standard.
  • + Catch units alone chew through a typical 3644 metal by 15:00.
  • − Own metal lost more than triples the standard build by 10:00.
  • − Team win rate drops well below the role's standard.
THE EXAMPLE YOU ARE READING

UsurpeR

46.4 OS · 16/09/2026

Open source match ↗

5 received units · includes a constructor
4188 metal received · 61706 energy received

Allied construction assistance is unknown. Timings are observations, not a promise of solo reproducibility.

Typical milestones

Bot Lab1:06Middle 50%: 0:57–1:27 · n=19
Geothermal Powerplant3:20Middle 50%: 3:11–3:58 · n=19
Advanced Metal Extractor5:48Middle 50%: 5:30–6:10 · n=19
Vehicle Plant6:42Middle 50%: 5:57–7:17 · n=18

Played most by

Amrissa4games of this buildUsurpeR4games of this buildzeus_on_god3games of this buildViltrum2games of this builddarkstar231game of this build